 Dungeon Crawl Stone Soup version 0.24-a0-201-gf205589 (webtiles) character file.

Game seed: 470065340534621160

186 EazyBreezy the Shield-Bearer (level 5, -4/28 HPs)
             Began as a Vine Stalker Fighter on Mar 26, 2019.
             Slain by an ogre
             ... wielding a +0 giant club
              (18 damage)
             ... on level 4 of the Dungeon.
             The game lasted 00:04:02 (2049 turns).

EazyBreezy the Shield-Bearer (Vine Stalker Fighter) Turns: 2049, Time: 00:04:02

Health: -4/28      AC:  6    Str: 23    XL:     5   Next: 65%
Magic:  0/6        EV:  8    Int:  8    God:
Gold:   155        SH: 13    Dex: 15    Spells: 4/4 levels left

rFire    . . .     SeeInvis .   a - +1 long sword
rCold    . . .     Gourm    .   c - +0 shield
rNeg     . . .     Faith    .   b - +0 scale mail
rPois    .         Spirit   +   (no helmet)
rElec    .         Reflect  +   (no cloak)
rCorr    .         Harm     .   (no gloves)
MR       .....                  (no boots)
Stlth    ..........             n - +3 amulet of reflection
HPRegen  0.49/turn              (no ring)
MPRegen  0.10/turn              (no ring)

@: mighty, lethally poisoned (-4 -> -8)
A: fangs 2, regeneration 1, magic shield, antimagic bite, no potion heal 3, rot
immunity
a: no special abilities


You were on level 4 of the Dungeon.
You were not hungry.

You visited 1 branch of the dungeon, and saw 4 of its levels.

You collected 155 gold pieces.

Inventory:

Hand Weapons
 a - a +1 long sword (weapon)
Armour
 b - a +0 scale mail (worn)
 c - a +0 shield (worn)
Jewellery
 n - a +3 amulet of reflection (around neck)
Wands
 f - a wand of paralysis (11)
Scrolls
 e - 3 scrolls of teleportation
Potions
 d - 2 potions of might
 g - a potion of flight {unknown}
 h - a potion of curing
 i - a potion of magic
 j - a potion of mutation {unknown}


   Skills:
 * Level 3.2 Fighting
 * Level 3.2 Long Blades
 * Level 3.1 Armour
 * Level 1.2 Dodging
 * Level 3.5 Shields


You had 4 spell levels left.
You didn't know any spells.
Your spell library was empty.

Dungeon Overview and Level Annotations

Branches:
Dungeon (4/15)
 Temple: D:4-7

Altars:
Ru


Innate Abilities, Weirdness & Mutations

You have extremely sharp teeth.
Your natural rate of healing is unusually fast.
When hurt, damage is shared between your health and your magic reserves.
Your bite disrupts and absorbs the magic of your enemies.
Potions cannot restore your health.
You are immune to rotting.


Message History

You slash the worker ant! Your bite misses the worker ant.
The worker ant is almost dead.
You feel sick. The worker ant bites you.
You are more poisoned.
The worker ant poisons you! The worker ant bites you.
You hit the worker ant.
You kill the worker ant!
You feel sick.
A goblin comes into view. It is wielding a +0 hunting sling.
You feel sick.
The goblin shouts!
The goblin shoots a stone.
You reflect the stone off an invisible shield around you!
The stone barely misses the goblin.
Found a stone.
You feel very mighty all of a sudden.
You feel sick.
The ogre hits you with a +0 giant club!!
Ouch! That really hurt!
You die...

#.g #...
≈≈≈ ≈
≈≈##+++##≈≈
≈≈≈...≈≈≈≈
≈≈...≈≈..
#....# #@#
#O# ##†####
#.....##.#
#.........
#...(.####
#...#≈#≈≈
#...#≈≈≈≈≈
#..##≈≈#≈#≈


You could see an ogre and a goblin.

Vanquished Creatures
  An orc wizard (D:3)
  A worker ant (D:4)
  2 adders
  3 gnolls (D:3)
  3 oozes
  An adder skeleton (D:4)
  3 worms (D:3)
  A leopard gecko (D:2)
  5 orcs (D:3)
  2 giant cockroaches
  8 hobgoblins
  5 jackals
  9 kobolds
  A quokka (D:2)
  A ball python (D:1)
  7 bats
  A frilled lizard (D:1)
  6 goblins
  5 rats
65 creatures vanquished.

Vanquished Creatures (others)
  A kobold (D:3)
1 creature vanquished.

Grand Total: 66 creatures vanquished

Notes
Turn   | Place    | Note
-------+----------+-------------------------------------------
     0 | D:1      | EazyBreezy the Vine Stalker Fighter began the quest for the
                  | Orb.
     0 | D:1      | Reached XP level 1. HP: 11/11 MP: 2/2
    51 | D:1      | Reached XP level 2. HP: 16/16 MP: 3/3
   373 | D:1      | Reached XP level 3. HP: 16/19 MP: 1/4
   850 | D:2      | Found a sacrificial altar of Ru.
  1079 | D:2      | Gained mutation: Your natural rate of healing is unusually
                  | fast. [Vine Stalker growth]
  1079 | D:2      | Reached XP level 4. HP: 16/24 MP: 3/5
  1416 | D:3      | Reached skill level 1 in Dodging
  1782 | D:3      | Reached XP level 5. HP: 26/28 MP: 4/6
  2001 | D:4      | Noticed an ogre
  2049 | D:4      | Slain by an ogre

Levels and vault maps discovered:
D:1:      minmay_arrival_hallway, layout_basic
D:2:      layout_loops_ring, hangedman_ru_absence, kennysheep_generic_room_4
D:3:      layout_loops_cross
D:4:      kennysheep_goblin_castle, layout_loops_ring,
          minmay_temple_entry_glassed_door, biasface_ghost_orc_armoury,
          grunt_ministairs_5, minivault_4, uniq_edmund

Skill      XL: |  1  2  3  4  5 |
---------------+----------------+-----
Shields        | 3 |  3.5
Long Blades    | 2 3 |  3.2
Fighting       | 3 |  3.2
Armour         | 3 |  3.1
Dodging        | 1 |  1.2

Action                   |  1- 3 |  4- 6 || total
-------------------------+-------+-------++-------
Melee: Long sword        |   107 |    84 ||   191
       Bite              |    33 |    28 ||    61
  Use: Scroll            |     2 |     7 ||     9
       Potion            |       |     1 ||     1
  Eat: Ration            |     1 |     1 ||     2
Armor: Scale mail        |    54 |    31 ||    85
Dodge: Dodged            |    43 |    23 ||    66
Block: Shield            |    77 |    72 ||   149
       Reflection        |       |     6 ||     6
       Rpst.: Long sword |    15 |    12 ||    27

Table legend:
 A = Non-vault XP
 B = Vault XP
 C = Vault XP percentage of total XP
 D = Non-vault monster count
 E = Vault monster count
 F = Vault count percentage of total count
                 A         B        C        D         E       F
            +---------+---------+-------+---------+---------+-------
      Total |     266 |       0 |   0.0 |      65 |       0 |   0.0
            +---------+---------+-------+---------+---------+-------
        D:1 |      44 |       0 |   0.0 |      22 |       0 |   0.0
        D:2 |      41 |       0 |   0.0 |      14 |       0 |   0.0
        D:3 |     142 |       0 |   0.0 |      27 |       0 |   0.0
        D:4 |      39 |       0 |   0.0 |       2 |       0 |   0.0
            +---------+---------+-------+---------+---------+-------
